 Dungeon Crawl Stone Soup version 0.31-a0-620-gd1cbd99268 (webtiles) character file.

Game seed: 8356390368024019804

228 kae the Changeling (level 5, -5/60 HPs)
             Began as a Draconian Shapeshifter on Aug 23, 2023.
             Was an Initiate of Ru.
             Slain by a hell rat (13 damage)
             ... in a sewer.
             The game lasted 00:03:33 (3002 turns).

kae the Changeling (Draconian Shapeshifter)         Turns: 3002, Time: 00:03:33

Health: -5/60      AC: 22    Str: 18    XL:     5   Next: 71%
Magic:  5/5        EV:  2    Int:  8    God:    Ru [......]
Gold:   136        SH:  0    Dex: 13    Spells: 4/4 levels left

rFire   . .          .
                       - Unarmed
rCold   . . .        (no shield)
rNeg    + . .        (body armour unavailable)
rPois   +            (helmet currently unavailable)
rElec   .            (cloak currently unavailable)
rCorr   .            (gloves currently unavailable)
SInv    .            (boots currently unavailable)
Will    .....        (no amulet)
Stlth   +            N - ring of positive energy
HPRegen 0.30/turn    (no ring)
MPRegen 0.09/turn

%: no passive effects
@: tree-form
A: stationary, stasis, torment immunity, boosted hp, AC +5, unfitting armour,
(cold-blooded)
a: Renounce Religion


You were in a sewer.
You worshipped Ru.
Ru was noncommittal.
You were a tree.
You visited 1 branch of the dungeon, and saw 4 of its levels.
You also visited: Sewer.

You collected 136 gold pieces.


Innate Abilities, Weirdness & Mutations

You are a tree.
Your roots penetrate the ground, keeping you stationary.
You cannot be teleported.
You are immune to unholy pain and torment.
Your maximum health is greatly increased.
Your equipment is partially melded.
((Your plain brown scales are hard. (AC +5)))
You cannot fit into any form of body armour.
((You are cold-blooded and may be slowed by cold attacks.))


   Skills:
 - Level 1.1 Fighting
 - Level 1.7 Dodging
 + Level 4.4 Unarmed Combat
 * Level 5.2 Shapeshifting


You had 4 spell levels left.
You didn't know any spells.
Your spell library contained the following spells:

 Spells                   Type           Power      Damage    Failure   Level
 Poisonous Vapours        Pois/Air       0%         N/A       54%         2
 Dazzling Flash           Conj/Hex       0%         N/A       78%         3
 Mephitic Cloud           Conj/Pois/Air  0%         N/A       78%         3
 Volatile Blastmotes      Fire/Tloc      0%         2d10      78%         3
 Freezing Cloud           Conj/Ice/Air   0%         6-21      100%        5
 Starburst                Conj/Fire      0%         6d3       100%        6
 Maxwell's Capacitive Co  Air            0%         ∞         100%        8

Inventory:

Missiles
 d - 15 stones
 i - 4 curare-tipped darts {=f}
 k - 2 poisoned darts
Jewellery
 N - a ring of positive energy (left branch)
   (You found it on level 1 of the Dungeon)
Talismans
 b - a beast talisman
 c - a flux talisman
Scrolls
 n - a scroll of amnesia
 o - a scroll of immolation {!r!r}
 q - 2 scrolls of teleportation {@r4}
Potions
 e - a potion of might
 f - a potion of curing {@q1}
 j - a potion of invisibility
 l - a potion of ambrosia
 r - a potion of cancellation

Dungeon Overview and Level Annotations

Branches:
Dungeon (4/15) Zot: 21044   Sewer (1/1) Zot: 5947
 Temple: D:4-7

Altars:
Hepliaklqana
Ru
Vehumet
Zin

Annotations:
D:4 2 transporters, Nebesus's ghost, amateur GnRe

###.~~~.∩~~~~.###
#~.~~~#####~~..~#
##~.~# ∩:###.~.##
#~..# ??!.##.~~#
#.~~# ~~~~~#~.~#
#...## ~~~.##..~#
##~~~###
~.###†~.##
#..~~.##r##..~~.#
###....♣~~~~~~###
###.††...~###
#########


You could see a hell rat.


Message History

You take 1 damage, and now have 34/40 hp.
You hit the adder.
You kill the adder!
You feel sick. 😕 HP[-1]
You take 1 damage, and now have 33/40 hp.
Unknown command.
You feel sick.
You are no longer poisoned. 😕 HP[+1]
You hear the quick rusting of a drain. 😕 HP[+1]
There is a glowing drain here.
The world spins around you as you enter the gateway.
You enter a sewer!
Found a gate leading back out of this place.
There is an empty arch of ancient stone here. 😕 HP[+1] Unknown command.
A rat is nearby!
You enter the shallow water.
Moving in this stuff is going to be slow.
Unknown command.
A rat comes into view.
The rat closely misses you. The rat bites you but does no damage.
The rat moves out of view.
You hit the rat.
You kill the rat! 😕 HP[+1]
You enter the shallow water.
Moving in this stuff is going to be slow.
The rat bites you but does no damage. 😕 HP[+1]
You hit the rat.
You kill the rat!
No target in view!
No target in view!
No target in view!
No target in view!
No target in view! 😕 HP[+1]
You enter the shallow water.
Moving in this stuff is going to be slow.
A river rat comes into view.
The river rat bites you but does no damage.
You hit the river rat. The river rat bites you.
You punch the river rat!
You kill the river rat! 😕 HP[-3]
You take 3 damage, and now have 36/40 hp.
No target in view!
No target in view!
You see here a river rat corpse.
You enter the shallow water.
Moving in this stuff is going to be slow.
A rat comes into view. 😕 HP[+1]
A rat comes into view.
A rat comes into view. 😕 HP[+1]
The rat misses you. The rat completely misses you.
You closely miss the rat. The rat closely misses you.
You punch the rat!
You kill the rat!
You hit the rat.
You kill the rat!
You enter the shallow water.
Moving in this stuff is going to be slow.
You see here a rat corpse. 😕 HP[+1]
You barely miss the rat. Your punch misses the rat. You punch the rat!
You kill the rat!
No target in view!
No target in view! 😎 HP[+1]
Your hp is fully restored (40).
You enter the shallow water.
Moving in this stuff is going to be slow.
You enter the shallow water.
Moving in this stuff is going to be slow.
You see here a rat corpse.
You open the door.
A hell rat comes into view.
The hell rat roars deafeningly!
Found four items.
Found a gate leading back out of this place.
The hell rat bites you! x2
* * * LOW HITPOINT WARNING * * *
You see here a rat corpse. 😨 HP[-28]
You take 28 damage, and now have 12/40 hp.
MASSIVE DAMAGE!! (PAUSE)
You completely miss the hell rat. The hell rat bites you!
* * * LOW HITPOINT WARNING * * *
😱 HP[-7]
You take 7 damage, and now have 5/40 hp.
Your transformation has ended.
You turn into a tree.
Your roots penetrate the ground.
The hell rat bites you!
You die...

Skill      XL: |  1  2  3  4  5 |
---------------+----------------+-----
Shapeshifting  | 4 5 |  5.2
Unarmed Combat | 4 |  4.4
Fighting       | |  1.1
Dodging        | |  1.7

Action                     |  1- 3 |  4- 6 || total
---------------------------+-------+-------++-------
  Melee: Unarmed           |   106 |    99 ||   205
         Tailslap          |     7 |     4 ||    11
         Punch             |     3 |     1 ||     4
    Use: Scroll            |     1 |    12 ||    13
         Potion            |       |     1 ||     1
   Stab: Sleeping          |       |     1 ||     1
 Armour: Skin              |    32 |    24 ||    56
  Dodge: Dodged            |    58 |    57 ||   115

Levels and vault maps discovered:
D:1:      matt_arrival_grand_opening, layout_basic, minmay_octomino_e4
D:2:      layout_basic, basic_altar, chequers_ecumenical_altar_island,
          minmay_split_cup_large
D:3:      layout_loops_ring, mainiacjoe_overflow_alcove_2, uniq_robin
D:4:      layout_cave_pools, nicolae_ru_path_of_blood,
          mainiacjoe_overflow_catwalk_spiral, portal_sewer_entry_d,
          gammafunk_ghost_arena, minivault_1
Sewer:    sewer_hellmonk_bad_rat

Notes
Turn   | Place    | Note
-------+----------+-------------------------------------------
     0 | D:1      | kae the Draconian Shapeshifter began the quest for the Orb.
     0 | D:1      | Reached XP level 1. HP: 16/16 MP: 1/1
     0 | D:1      | magus.rc [v1.11.3]
    61 | D:1      | Reached XP level 2. HP: 20/23 MP: 2/2
   661 | D:1      | You pick up a book of Vapours and begin reading...
   661 | D:1      | You add the spells Poisonous Vapours, Mephitic Cloud and
                  | Freezing Cloud to your library.
   869 | D:2      | Reached XP level 3. HP: 21/28 MP: 3/3
  1380 | D:2      | Found a faded altar of an unknown god.
  1405 | D:2      | Reached skill level 4 in Shapeshifting
  1581 | D:2      | Found a glowing silver altar of Zin.
  1935 | D:3      | Reached XP level 4. HP: 35/35 MP: 4/4
  1942 | D:3      | You pick up a book of Spectacle and begin reading...
  1942 | D:3      | You add the spells Volatile Blastmotes, Dazzling Flash,
                  | Starburst and Maxwell's Capacitive Coupling to your
                  | library.
  1946 | D:3      | Noticed Robin
  1995 | D:3      | Killed Robin
  2293 | D:3      | Reached skill level 4 in Unarmed Combat
  2293 | D:3      | Found a glowing silver altar of Zin.
  2567 | D:4      | Found a transporter.
  2569 | D:4      | Found a radiant altar of Vehumet.
  2571 | D:4      | Found a hazy altar of Hepliaklqana.
  2595 | D:4      | Reached XP level 5. HP: 40/40 MP: 5/5
  2652 | D:4      | Reached skill level 5 in Shapeshifting
  2749 | D:4      | Noticed Nebesus's ghost (amateur GnRe)
  2763 | D:4      | Found a transporter.
  2781 | D:4      | Noticed a phantom
  2865 | D:4      | Found a sacrificial altar of Ru.
  2873 | D:4      | Became a worshipper of Ru the Awakened
  2938 | D:4      | Found a glowing drain.
  2957 | Sewer    | Entered a sewer
  3001 | Sewer    | HP: 5/40 [hell rat (7)]
  3002 | Sewer    | Slain by a hell rat

Vanquished Creatures
  A scorpion (D:4)
  Robin (D:3)
  5 adders
  A gnoll (D:1)
  A river rat (Sewer)
  A worm (D:3)
  2 dart slugs
  2 orcs (D:4)
  3 endoplasms
  A giant cockroach (D:1)
  14 goblins
  13 hobgoblins
  4 jackals (D:4)
  3 quokkas
  4 ball pythons
  8 bats
  6 frilled lizards
  6 kobolds
  11 rats
87 creatures vanquished.

Table legend:
 A = Non-vault XP
 B = Vault XP
 C = Vault XP percentage of total XP
 D = Non-vault monster count
 E = Vault monster count
 F = Vault count percentage of total count
                 A         B        C        D         E       F
            +---------+---------+-------+---------+---------+-------
      Total |     239 |      88 |  26.9 |      61 |      26 |  29.9
            +---------+---------+-------+---------+---------+-------
        D:1 |      23 |      17 |  42.5 |      16 |       4 |  20.0
        D:2 |      39 |       5 |  11.4 |      14 |       4 |  22.2
        D:3 |      67 |      33 |  33.0 |      17 |      11 |  39.3
        D:4 |     110 |      14 |  11.3 |      14 |       1 |   6.7
      Sewer |       0 |      19 | 100.0 |       0 |       6 | 100.0
            +---------+---------+-------+---------+---------+-------

Skill      XL: |  1  2  3  4  5 |
---------------+----------------+-----
Shapeshifting  | 4 5 |  5.2
Unarmed Combat | 4 |  4.4
Fighting       | |  1.1
Dodging        | |  1.7

Action                     |  1- 3 |  4- 6 || total
---------------------------+-------+-------++-------
  Melee: Unarmed           |   106 |    99 ||   205
         Tailslap          |     7 |     4 ||    11
         Punch             |     3 |     1 ||     4
    Use: Scroll            |     1 |    12 ||    13
         Potion            |       |     1 ||     1
   Stab: Sleeping          |       |     1 ||     1
 Armour: Skin              |    32 |    24 ||    56
  Dodge: Dodged            |    58 |    57 ||   115

Illustrated notes

Table legend:
 A = Kills in this place as a percentage of kills in the entire game.
 B = Kills by you in this place as a percentage of kills by you in the entire game.
 C = Kills by friends in this place as a percentage of kills by friends in the entire game.
 D = Other kills in this place as a percentage of other kills in the entire game.
 E = Experience gained in this place as a percentage of experience gained in the entire game.
 F = Experience gained in this place divided by the number of levels of this place that you have seen.
                   A       B       C       D       E      F
               +-------+-------+-------+-------+-------+----------------------
         Total | 100.0 | 100.0 |   N/A |   N/A | 100.0 |  65.4
       Dungeon |  93.1 |  93.1 |   N/A |   N/A |  94.2 |  77.0
         Sewer |   6.9 |   6.9 |   N/A |   N/A |   5.8 |  19.0
               +-------+-------+-------+-------+-------+----------------------

Table legend: (Time is in decaauts)
 A = Elapsed time spent in this place.
 B = Non-inter-level travel time spent in this place.
 C = Inter-level travel time spent in this place.
 D = Time resting spent in this place.
 E = Time spent auto-exploring this place.
 F = Levels seen in this place.
 G = Mean time per level.
                   A        B        C        D        E       F      G
               +--------+--------+--------+--------+--------+-----+--------+
         Total |   3006 |   2925 |     81 |      4 |   2112 |   5 |  601.2 |
       Dungeon |   2955 |   2874 |     81 |      4 |   2112 |   4 |  738.8 |
         Sewer |     51 |     51 |      0 |      0 |      0 |   1 |   51.0 |
               +--------+--------+--------+--------+--------+-----+--------+

Top non-repeatable levels by time:
     D:1: 858 daAuts
     D:2: 858 daAuts
     D:3: 828 daAuts
     D:4: 409 daAuts
   Sewer: 51 daAuts
